 Dungeon Crawl Stone Soup version 0.19.5 (webtiles) character file.

10215 tognito the Fighter (level 11, 0/106 HPs)
             Began as a Minotaur Berserker on Mar 19, 2017.
             Was a High Priest of Trog.
             Killed from afar by an orc wizard (11 damage)
             ... with a puff of flame
             ... on level 12 of the Dungeon.
             The game lasted 00:29:22 (10963 turns).

tognito the Fighter (Minotaur Berserker)           Turns: 10963, Time: 00:29:24

Health: 0/106      AC: 18    Str: 31    XL:     11   Next: 33%
Magic:  10/10      EV: 11    Int:  4    God:    Trog [*****.]
Gold:   631        SH:  4    Dex:  9    Spells: 0 memorised, 10 levels left

rFire  . . .     SeeInvis .     w - +1 war axe (curse)
rCold  . . .     Gourm    +     e - +0 plate armour
rNeg   . . .     Faith    .     T - +0 buckler
rPois  .         Spirit   .     (helmet restricted)
rElec  .         Reflect  .     L - +0 cloak
rCorr  .         Harm     .     F - +1 pair of gloves
MR     .....                    (no boots)
Stlth  ..........               D - amulet of the gourmand
                                J - +1 ring of protection
                                r - +5 ring of strength

@: lethally poisoned (0 -> -45), barbed spikes, slowed, studying Shields, very
slow
A: retaliatory headbutt, horns 2
a: Berserk, Trog's Hand, Brothers in Arms, Burn Spellbooks, Renounce Religion


You were on level 12 of the Dungeon.
You worshipped Trog.
Trog was extremely pleased with you.
You were not hungry.

You visited 1 branch of the dungeon, and saw 12 of its levels.

You collected 631 gold pieces.

Inventory:

Hand Weapons
 a - a +4 hand axe
 b - a +0 shortbow of velocity
 w - a cursed +1 war axe (weapon)
Missiles
 d - 62 bolts
 l - 297 arrows
Armour
 e - a +0 plate armour (worn)
 p - a +0 chain mail of cold resistance
 F - a +1 pair of gloves (worn)
 L - a +0 cloak (worn)
 T - a +0 buckler (worn)
Jewellery
 q - an uncursed amulet of harm
 r - a +5 ring of strength (left hand)
 s - an uncursed ring of ice
 D - an amulet of the gourmand (around neck)
 J - a +1 ring of protection (right hand)
 M - a +2 ring of intelligence
Wands
 t - a wand of flame (0/48)
 u - a wand of polymorph (21/24)
 A - a wand of iceblast (9/15)
 B - a wand of iceblast (10/15)
 G - a wand of lightning (7/15)
 I - a wand of flame (27/48)
 K - a wand of digging (10/24)
 P - a wand of confusion (12/48)
 Q - a wand of random effects (20/48)
Scrolls
 h - 2 scrolls of remove curse
 j - 3 scrolls of fog
 k - 8 scrolls of teleportation
 m - 2 scrolls of identify
 o - 2 scrolls of magic mapping
 y - a scroll of blinking
 C - a scroll of enchant weapon
 U - a scroll of recharging
Potions
 i - 2 potions of curing
 n - 3 potions of flight
 x - a potion of might
 z - a potion of heal wounds
 O - a potion of agility
Books
 S - a manual of Shields
Miscellaneous
 N - a phantom mirror
 R - a sack of spiders
Comestibles
 c - 7 bread rations
 f - 9 slices of pizza
 g - 2 beef jerkies
 v - 3 meat rations


   Skills:
 * Level 12.8 Fighting
 * Level 12.5 Axes
 + Level 8.6 Armour
 + Level 8.3 Dodging
 + Level 3.1 Shields


You had 10 spell levels left.
You didn't know any spells.

Dungeon Overview and Level Annotations

Branches:
Dungeon (12/15)            Temple (0/1) D:4            Lair (0/6) D:8
    Orc: D:9-12

Altars:
Ashenzari
Dithmenos
Elyvilon
Gozag
Hepliaklqana
Makhleb
Nemelex Xobeh
Okawaru
Qazlal
Ru
Trog
Vehumet
Xom

Shops:
D:5 *   D:6 :   D:8 (

Annotations:
D:12 Sonja


Innate Abilities, Weirdness & Mutations

You reflexively headbutt those who attack you in melee.
You have a pair of horns on your head.


Message History

a tomahawk; 4 curare-tipped needles You feel much better.
You feel extremely sick. Something hits you but does no damage.
Your two-headed ogre hits Sonja with a dire flail!!
Your two-headed ogre closely misses Sonja.
The manticore flicks its tail.
The volley of spikes hits you!
The barbed spikes become lodged in your body.
* * * LOW HITPOINT WARNING * * *
Something hits you but does no damage.
Sonja casts a spell.
Sonja blinks!
You closely miss something. Your headbutt misses something.
* * * LOW HITPOINT WARNING * * *
You feel very sick.
You hear some strange, mumbled words.
A puff of flame appears from out of thin air!
The puff of flame hits you!
You die...

#≈≈≈
.≈≈≈≈........#.....# ..
#≈≈≈≈≈........#.....#...
#≈≈≈≈≈........#.....#...
....≈≈........#:.H....K.
....≈≈........#.........
....≈≈........#)(.......
....##........##){......
....##.........(@)O...#
....##........#.#§......
....#####.#..##.#.....##
....#####.....#.......#
#........##...###.....#
#.......#.#...#.#.....#
.......#.##.....#..##...
......#.#####...#..# .##
.....#.## #.......#


You could see a manticore, Sonja and a friendly two-headed ogre (berserk).

Vanquished Creatures
  An unseen horror (D:11)
  3 hill giants
  A manticore (D:12)
  Joseph (D:8)
  A troll (D:12)
  3 hippogriffs
  Sigmund (D:6)
  A spriggan (D:8)
  A wyvern (D:11)
  Grum (D:11)
  A water moccasin (D:8)
  5 ice beasts
  3 sky beasts
  A black bear (D:11)
  4 orc warriors
  A phantom (D:8)
  3 ogres
  11 centaurs
  2 wolves (D:11)
  A big kobold (D:7)
  3 gnoll sergeants
  7 bullfrogs
  A scorpion (D:11)
  12 killer bees
  A water moccasin skeleton (D:8)
  5 wights (D:10)
  2 howler monkeys
  6 crimson imps
  A bullfrog zombie (D:5)
  A centaur zombie (D:11)
  4 jellies
  4 orc priests
  3 bullfrog skeletons
  5 hounds
  2 centaur skeletons
  An iguana (D:10)
  10 orc wizards
  8 worker ants
  A worker ant zombie (D:5)
  10 adders
  16 gnolls
  2 oozes
  3 adder skeletons
  4 worms
  3 leopard geckos
  30 orcs
  3 ball pythons
  7 bats
  A giant cockroach (D:1)
  7 goblins
  5 hobgoblins
  22 jackals
  7 quokkas
  8 frilled lizards
  A jackal skeleton (D:4)
  10 kobolds
  A leopard gecko skeleton (D:4)
  A quokka skeleton (D:4)
  12 rats
276 creatures vanquished.

Vanquished Creatures (collateral kills)
  A manticore (D:12)
  An ogre (D:12)
  An adder (D:12)
  4 orcs (D:12)
7 creatures vanquished.

Vanquished Creatures (others)
  A wizard (D:9)
1 creature vanquished.

Grand Total: 284 creatures vanquished

Notes
Turn   | Place    | Note
-------+----------+-------------------------------------------
     0 | D:1      | tognito the Minotaur Berserker began the quest for the Orb.
     0 | D:1      | Reached XP level 1. HP: 19/19 MP: 0/0
   135 | D:1      | Reached XP level 2. HP: 26/27 MP: 1/1
   600 | D:2      | Reached ** piety under Trog
   615 | D:2      | Reached XP level 3. HP: 32/33 MP: 2/2
   666 | D:2      | Found a stormy altar of Qazlal.
   926 | D:2      | Reached XP level 4. HP: 41/41 MP: 3/3
  1191 | D:2      | Found a sparkling altar of Nemelex Xobeh.
  1393 | D:3      | Reached *** piety under Trog
  1487 | D:3      | Found a shattered altar of Ashenzari.
  1724 | D:3      | Reached skill level 5 in Axes
  1830 | D:3      | Reached skill level 5 in Fighting
  1830 | D:3      | Reached XP level 5. HP: 47/48 MP: 4/4
  2688 | D:4      | Reached XP level 6. HP: 51/56 MP: 5/5
  2770 | D:4      | Found a hazy altar of Hepliaklqana.
  2895 | D:4      | Reached **** piety under Trog
  3029 | D:4      | Found a staircase to the Ecumenical Temple.
  3243 | D:5      | Entered Level 5 of the Dungeon
  3264 | D:5      | Reached XP level 7. HP: 57/64 MP: 6/6
  3426 | D:5      | Found an opulent altar of Gozag.
  3618 | D:5      | Received a gift from Trog
  3787 | D:5      | Found Erist's General Store.
  3905 | D:5      | Found a burning altar of Makhleb.
  3906 | D:5      | Found a radiant altar of Vehumet.
  3998 | D:5      | Found a shimmering altar of Xom.
  4008 | D:5      | Found an iron altar of Okawaru.
  4120 | D:6      | Found Nenoox's Book Emporium.
  4258 | D:6      | Reached XP level 8. HP: 72/74 MP: 7/7
  4307 | D:6      | Gained mutation: You are somewhat resistant to further mutation. [potion of mutation]
  4307 | D:6      | Gained mutation: You possess an exceptional clarity of mind. [potion of mutation]
  4404 | D:6      | Noticed Sigmund
  4412 | D:6      | Killed Sigmund
  4412 | D:6      | Reached skill level 5 in Armour
  4465 | D:6      | You fall through a shaft for 2 floors!
  4508 | D:8      | Found a white marble altar of Elyvilon.
  4536 | D:7      | Reached skill level 5 in Dodging
  4823 | D:7      | Gained mutation: You have sharp fingernails. [potion of beneficial mutation]
  5044 | D:7      | Reached XP level 9. HP: 70/83 MP: 8/8
  5216 | D:7      | Found a shadowy altar of Dithmenos.
  5561 | D:7      | Reached ***** piety under Trog
  6164 | D:8      | Noticed Joseph
  6189 | D:8      | Killed Joseph
  6189 | D:8      | Reached skill level 10 in Fighting
  6189 | D:8      | Reached skill level 10 in Axes
  6609 | D:8      | Found a staircase to the Lair.
  6754 | D:8      | Found a sacrificial altar of Ru.
  6759 | D:8      | Received a gift from Trog
  6955 | D:8      | Found Hexov's Weapon Emporium.
  7387 | D:8      | Reached XP level 10. HP: 23/94 MP: 9/9
  8303 | D:9      | Found a bloodstained altar of Trog.
  8304 | D:9      | Noticed a wizard
  8309 | D:9      | Killed a wizard
  8386 | D:10     | Entered Level 10 of the Dungeon
  8714 | D:10     | Noticed a hill giant
  8727 | D:10     | Killed a hill giant
  9055 | D:10     | Received a gift from Trog
  9594 | D:11     | Killed an unseen horror
  9802 | D:11     | Noticed Grum
  9811 | D:11     | Reached XP level 11. HP: 85/104 MP: 10/10
  9814 | D:11     | Killed Grum
 10581 | D:12     | Noticed a hill giant
 10591 | D:12     | Killed a hill giant
 10591 | D:12     | Reached skill level 1 in Shields
 10595 | D:12     | Noticed a hill giant
 10600 | D:12     | Killed a hill giant
 10646 | D:12     | Lost mutation: You possess an exceptional clarity of mind. [potion of cure mutation]
 10646 | D:12     | Lost mutation: You are somewhat resistant to further mutation. [potion of cure mutation]
 10646 | D:12     | Lost mutation: You have sharp fingernails. [potion of cure mutation]
 10952 | D:12     | Noticed Sonja
 10955 | D:12     | Paralysed by Sonja for 7 turns
 10961 | D:12     | HP: 5/106 [poisoned by Sonja (curare-tipped needle)]
 10963 | D:12     | Killed from afar by an orc wizard

Skill      XL: |  1  2  3  4  5  6  7  8  9 10 11 |
---------------+----------------------------------+-----
Axes           | 4 5 6 7 8 10 12 | 12.5
Fighting       | 4 5 6 7 9 10 12 | 12.8
Armour         | 3 4 5 7 8 |  8.6
Dodging        | 3 4 5 6 7 8 |  8.3
Shields        | 3 |  3.1

Action                   |  1- 3 |  4- 6 |  7- 9 | 10-12 || total
-------------------------+-------+-------+-------+-------++-------
Melee: Hand axe          |   110 |   132 |   199 |    31 ||   472
       Headbutt          |    12 |    27 |    31 |    46 ||   116
       War axe           |       |       |       |   156 ||   156
 Fire: Shortbow          |       |       |    64 |    30 ||    94
Invok: Burn Spellbooks   |       |     1 |     4 |     1 ||     6
       Berserk           |       |       |     1 |       ||     1
       Brothers in Arms  |       |       |       |     2 ||     2
       Trog's Hand       |       |       |       |     1 ||     1
  Use: Potion            |     2 |     1 |     7 |     3 ||    13
       Scroll            |       |       |    15 |       ||    15
 Stab: Paralysed         |       |       |     1 |       ||     1
  Eat: Chunk             |       |     7 |    14 |    15 ||    36
       Royal jelly       |       |       |       |     1 ||     1
Armor: Plate armour      |    76 |    89 |   136 |   190 ||   491
Dodge: Dodged            |    36 |    47 |   101 |   153 ||   337
Block: Buckler           |       |       |       |     3 ||     3
